Cogmind - Beta 9.4 @@@ ROGUE MODE // 2020.04.27 @ 17:14:51 Player: Chad Result: Destroyed by as-62485 with Assembled P-sword Performance ------------- Evolutions (7) 3500 Regions Visited (15) 3000 Robots Destroyed (124) 620 Value Destroyed (5270) 5270 Prototype IDs (15) 300 Alien Tech Used (0) 0 Bonus (674) 674 TOTAL SCORE: 13364 Bonus ------- High Alert Combat Kills 252 Follower Combat Kills 408 Aligned with FarCom 300 Friendly Fire -286 Cogmind --------- Core Integrity 0/1300 Matter 277/300 Energy 99/100 System Corruption 3% Temperature Cool (0) Movement Core (50) Location -3/Research Parts ------- > --- POWER (2) -------- (None) > --- PROPULSION (3) --- (None) > --- UTILITY (11) ----- Advanced Signal Interpreter Improved Targeting Computer Improved Core Analyzer Advanced Hacking Suite > --- WEAPON (5) ------- (None) > --- INVENTORY (4) ---- Armored Heavy Treads AWS/Gauss Peak State ------------ > --- POWER ------------ Antimatter Reactor Light Quantum Reactor > --- PROPULSION ------- Advanced Medium Treads Improved Heavy Treads > --- UTILITY ---------- Advanced Heat Sink Advanced Sensor Array Advanced Signal Interpreter 0b10 Alert Chip Improved Targeting Computer Improved Core Analyzer Improved Weapon Cycler Improved Medium Armor Plating Advanced Thermal Shield Advanced System Shield > --- WEAPON ----------- Electrolaser High-powered Shotgun Coil Gun Heavy Mace > --- INVENTORY -------- Myomer Leg Improved Coolant Injector AWS/Gauss [Rating: 101] Favorites ----------- Power Micro Fission Core Engine Ion Engine Power Core Micro Fission Core Reactor Antimatter Reactor Propulsion Improved Carbon-fiber Leg Treads Advanced Medium Treads Leg Improved Carbon-fiber Leg Wheel High-density Centrium Wheel Hover Unit Improved Antigrav System Flight Unit Nuclear Pulse Array Utility 0b10 Alert Chip Device Improved Heat Sink Storage High-capacity Storage Unit Processor 0b10 Alert Chip Hackware Advanced System Shield Protection Improved Light Armor Plating Weapon Flak Gun Energy Gun Gatling Laser Energy Cannon Improved EM Pulse Cannon Ballistic Gun Flak Gun Ballistic Cannon Magnetic Acceleration Cannon Impact Weapon Heavy Mace Slashing Weapon Phasing Sabre Piercing Weapon Lance Build | -11 -10 -10 -10 -9 -8 -7 -6 -6 -5 -5 -5 -4 -4 -4 -3 ------- Run | Scr Mat Min Exi Min Mat Fac Fac Ext Fac Was Fac Fac Was Fac Res Slots Evolved 14 | . . . . . 4 2 2 . 2 . . 2 . . 2 Power 1 | . . . . . . . 1 . . . . . . . . Propulsion 1 | . . . . . . . . . 1 . . . . . . Utility 9 | . . . . . 2 2 1 . 1 . . 2 . . 1 Weapon 3 | . . . . . 2 . . . . . . . . . 1 Parts Attached 210 | 5 3 6 4 . 7 13 5 31 37 3 33 29 . 20 14 Power 25 | 1 1 1 . . . 1 2 2 2 . 4 5 . 5 1 Engine 11 | 1 1 1 . . . 1 2 2 . . 1 . . 2 . Core 7 | . . . . . . . . . 2 . 3 2 . . . Reactor 7 | . . . . . . . . . . . . 3 . 3 1 Propulsion 54 | 2 . 1 . . 2 2 . 7 9 3 12 5 . 6 5 Treads 17 | . . . . . . . . 4 4 . 2 5 . 1 1 Leg 29 | 2 . 1 . . 2 2 . 3 4 3 9 . . 1 2 Wheel 2 | . . . . . . . . . 1 . . . . . 1 Hover 3 | . . . . . . . . . . . . . . 3 . Flight 3 | . . . . . . . . . . . 1 . . 1 1 Utility 81 | . 1 1 3 . 3 6 2 14 17 . 9 14 . 7 4 Device 32 | . . 1 1 . . 1 1 3 10 . 3 6 . 4 2 Storage 5 | . 1 . 1 . 1 . . . . . . 1 . 1 . Processor 10 | . . . 1 . 1 1 . . 1 . 1 3 . 1 1 Hackware 6 | . . . . . . . . 1 2 . . 1 . 1 1 Protection 28 | . . . . . 1 4 1 10 4 . 5 3 . . . Artifact . | . . . . . . . . . . . . . . . . Weapon 50 | 2 1 3 1 . 2 4 1 8 9 . 8 5 . 2 4 Energy Gun 17 | 1 1 1 . . . 1 . 2 3 . 7 1 . . . Energy Cannon 6 | . . . . . . . 1 1 3 . 1 . . . . Ballistic Gun 21 | 1 . 2 1 . 2 3 . 2 2 . . 3 . 2 3 Ballistic Cannon 1 | . . . . . . . . . 1 . . . . . . Launcher . | . . . . . . . . . . . . . . . . Special Weapon . | . . . . . . . . . . . . . . . . Impact Weapon 1 | . . . . . . . . . . . . 1 . . . Slashing Weapon 3 | . . . . . . . . 3 . . . . . . . Piercing Weapon 1 | . . . . . . . . . . . . . . . 1 Special Melee Weapon . | . . . . . . . . . . . . . . . . Unidentified Prototypes 10 | . . . 3 . . . . . 4 . . . . 1 2 Parts Lost 98 | . . 4 . . . 2 . 21 19 5 16 3 . 12 16 Power 9 | . . 1 . . . . . 2 . . 2 1 . 1 2 Propulsion 19 | . . . . . . . . 6 1 2 2 . . 4 4 Utility 40 | . . . . . . 1 . 8 11 2 6 1 . 5 6 Weapon 30 | . . 3 . . . 1 . 5 7 1 6 1 . 2 4 Highest Loss Streak 19 | . . 4 . . . 2 . 19 11 5 9 1 . 10 15 Average Slot Usage (%) 78 | . 79 88 91 85 67 84 95 86 90 62 58 78 73 64 64 Engine 5 | . 12 14 14 14 9 7 8 11 . . . . . 4 . Core 2 | . . . . . . . . . 10 8 2 2 . . . Treads 4 | . . . . . . . . 2 10 1 4 11 10 7 . Leg 9 | . 28 28 28 28 18 15 13 9 4 9 6 . . 1 7 Device 8 | . . 3 7 . . 2 6 5 14 12 8 13 16 11 6 Storage 5 | . 10 14 13 14 9 7 6 6 5 2 . . 2 1 3 Processor 12 | . . . 7 14 11 7 13 9 5 11 16 19 21 22 19 Hackware 2 | . . . . . . . . 3 3 5 5 6 5 2 6 Protection 7 | . . . . . 5 16 20 14 9 . 3 5 . . . Energy Gun 3 | . 26 20 . . . 2 . 1 4 3 5 . 2 4 . Energy Cannon 1 | . . . . . . . 5 4 6 3 . . . . . Ballistic Gun 10 | . 1 7 20 14 14 23 20 6 6 . . 11 5 3 7 Naked Turns . | . . . . . . . . . . . . . . . . Heaviest Build 97 | 6 13 13 20 19 73 97 81 94 89 58 26 72 59 48 51 Greatest Support 105 | 20 20 20 20 20 30 36 36 60 97 60 54 105 105 105 55 Greatest Overweight (x) 4 | . . . . . 3 3 2 3 4 2 1 3 . 1 2 Average Overweight (x) . | . . . . . 1 1 1 1 . . . . . . . Largest Inventory Capacity 12 | 4 6 6 6 6 12 12 12 12 12 12 4 8 8 8 8 Average Capacity 8 | 4 5 6 5 6 9 12 12 12 12 7 4 4 6 5 7 Most Carried 12 | 3 6 6 5 3 12 12 12 12 12 10 4 4 4 8 6 Average Carried 7 | 1 4 5 3 3 8 11 11 9 9 6 3 3 3 3 2 Final Capacity 12 | 4 6 6 6 6 12 12 12 12 12 4 4 8 4 8 4 Final Carried 12 | 3 6 3 3 3 12 12 11 9 10 4 3 4 4 7 4 Class Distribution -------------------- 27% | Mutant 25% | Scavenger-Tank 23% | Scavenger-Mutant 7% | Skirmisher 7% | Tank 4% | Scavenger-Assassin Dominant Class ---------------- Mutant | -10/Materials Mutant | -10/Mines Mutant | -10/Exiles Mutant | -9/Mines Skirmisher | -8/Materials Tank | -7/Factory Scavenger-Tank | -6/Factory Mutant | -6/Extension Scavenger-Tank | -5/Factory Scavenger-Mutant | -5/Waste Mutant | -5/Factory Scavenger-Tank | -4/Factory Scavenger-Assassin | -4/Waste Skirmisher | -4/Factory Scavenger-Mutant | -3/Research Resources | -11 -10 -10 -10 -9 -8 -7 -6 -6 -5 -5 -5 -4 -4 -4 -3 ----------- Run | Scr Mat Min Exi Min Mat Fac Fac Ext Fac Was Fac Fac Was Fac Res Matter Collected 3516 | 189 . 136 . . 133 516 109 515 527 . 313 754 . 231 93 Remotely 10 | . . . . . . . . . . . . . . 10 . Salvage Created 5970 | . . 258 . . 630 914 109 1086 1299 . 443 735 . 391 105 Parts 306 | . . 13 . . 44 60 9 59 59 . 20 23 . 10 9 Haulers Intercepted 2 | . . . . . . . . . 2 . . . . . . Recyclers Shooed 7 | . . . . . . 1 . . 3 . 2 . . 1 . Parts Field Recycled . | . . . . . . . . . . . . . . . . Retrieved Matter . | . . . . . . . . . . . . . . . . Parts Self-Destructed . | . . . . . . . . . . . . . . . . Prevented . | . . . . . . . . . . . . . . . . Kills | -11 -10 -10 -10 -9 -8 -7 -6 -6 -5 -5 -5 -4 -4 -4 -3 ------- Run | Scr Mat Min Exi Min Mat Fac Fac Ext Fac Was Fac Fac Was Fac Res Combat Hostiles Destroyed 93 | . . 4 . . 9 22 1 16 19 . 6 10 . 3 3 Melee 16 | . . . . . . . . 9 2 . . 1 . 1 3 Guns 59 | . . 3 . . 9 20 1 6 9 . 2 9 . . . Cannons 6 | . . . . . . . . . 6 . . . . . . AOE 4 | . . . . . . 2 . . . . 2 . . . . Classes Destroyed 14 | . . 3 . . 3 4 . 2 2 . . . . . . Worker 10 | . . 3 . . 2 2 . . 1 . 1 1 . . . Builder 3 | . . . . . 2 . . 1 . . . . . . . Tunneler 1 | . . . . . . 1 . . . . . . . . . Hauler 2 | . . . . . . . . . 2 . . . . . . Recycler 4 | . . . . . . . . 1 1 . . 1 . 1 . Operator 2 | . . . . . . 1 . . 1 . . . . . . Watcher 8 | . . . . . 4 . 1 1 . . . 2 . . . Swarmer 25 | . . 2 . . . 7 . 3 8 . . 2 . . 3 Grunt 34 | . . 2 . . 5 9 . 4 4 . 4 4 . 2 . Brawler 3 | . . . . . . . . . 2 . . 1 . . . Sentry 17 | . . . . . 4 4 1 3 1 . 1 3 . . . Hunter 6 | . . . . . . 1 . 2 2 . . . . 1 . Programmer 5 | . . . . . . 1 . 1 2 . 1 . . . . Behemoth 2 | . . . . . . . . 2 . . . . . . . Thug 1 | . . 1 . . . . . . . . . . . . . Guerrilla 1 | . . . . . . . . 1 . . . . . . . Best Kill Streak 14 | . . 2 . . 14 5 1 3 5 . 3 3 . 2 2 Combat Bots Only 7 | . . 2 . . 7 5 1 3 5 . 2 3 . 2 2 Max Kills in Single Turn 3 | . . 2 . . 1 3 1 1 1 . 2 1 . 1 1 Gunslinging . | . . . . . . . . . . . . . . . . Exploded 2 | . . . . . . 2 . . . . 2 . . . . Melee 1 | . . . . . . . . 1 1 . . 1 . 1 1 Uniques/NPCs Destroyed . | . . . . . . . . . . . . . . . . Combat | -11 -10 -10 -10 -9 -8 -7 -6 -6 -5 -5 -5 -4 -4 -4 -3 -------- Run | Scr Mat Min Exi Min Mat Fac Fac Ext Fac Was Fac Fac Was Fac Res Damage Taken 20623 | . 66 362 . . 179 1846 45 5644 3223 175 2890 1589 . 1606 2998 Core 3937 | . 32 79 . . 49 153 . 828 392 87 391 229 . 392 1305 Absorbed by Shields 372 | . . . . . . . . 52 320 . . . . . . Core Remaining (%) 55 | 100 . . . 55 91 78 . 2 . . 13 . . 46 . Volleys Fired 252 | . 3 16 . . 1 39 2 22 64 . 39 49 . 17 . Largest 4 | . 2 2 . . 2 4 4 4 4 . 2 3 . 2 . Hottest 280 | . 80 80 . . 46 148 148 226 280 . 140 88 . 60 . Shots Fired 650 | . 6 30 . . 50 140 8 53 151 . 53 126 . 33 . Gun 570 | . 6 30 . . 50 140 6 41 85 . 53 126 . 33 . Cannon 80 | . . . . . . . 2 12 66 . . . . . . Launcher . | . . . . . . . . . . . . . . . . Special . | . . . . . . . . . . . . . . . . Kinetic 399 | . . . . . 50 133 6 22 58 . . 126 . 4 . Thermal 125 | . . . . . . 7 . 24 61 . 4 . . 29 . Explosive . | . . . . . . . . . . . . . . . . Electromagnetic 126 | . 6 30 . . . . 2 7 32 . 49 . . . . Robot Hit Streak 23 | . 1 4 . . 11 10 10 14 22 . 11 23 . 14 . Robot Miss Streak 13 | . 3 9 . . 2 13 7 3 5 . 3 4 . 2 . Penetration Max . | . . . . . . . . . . . . . . . . Secondary Targets 6 | . . 1 . . . 4 . . . . . 1 . . . Max Gunslinging Chain 1 | . . 1 . . . 1 . . . . . 1 . . . Autonomous 59 | . . . . . 48 11 . . . . . . . . . Shots Hit Robots 523 | . 2 15 . . 41 111 5 71 92 . 39 111 . 26 10 Core Hits 329 | . . 10 . . 19 91 7 42 62 . 25 43 . 23 7 Critical Hits 13 | . . . . . 1 . . 2 5 . . 5 . . . Critical Kills 5 | . . . . . 1 . . . 3 . . 1 . . . Critical Parts Destroyed 6 | . . . . . . . . 1 2 . . 3 . . . Melee Attacks 82 | . . . . . . . . 47 . . . 15 . . 20 Impact 15 | . . . . . . . . . . . . 15 . . . Slashing 47 | . . . . . . . . 47 . . . . . . . Piercing 20 | . . . . . . . . . . . . . . . 20 Sneak Attacks 2 | . . . . . . . . 1 . . . 1 . . . Combat Hostiles . | . . . . . . . . . . . . . . . . Follow-up Attacks 6 | . . . . . . . . 6 . . . . . . . Damage Inflicted 13127 | . 24 492 . . 1224 2302 155 2338 2520 . 967 2445 . 295 365 Guns 8130 | . 24 195 . . 1224 1927 84 645 1119 . 621 2032 . 259 . Cannons 1601 | . . . . . . . 71 194 1336 . . . . . . Explosions 987 | . . 294 . . . 369 . . . . 324 . . . . Melee 2272 | . . . . . . . . 1499 . . . 413 . . 360 Ramming 137 | . . 3 . . . 6 . . 65 . 22 . . 36 5 Kinetic 6326 | . . . . . 1224 1794 84 230 914 . . 2032 . 48 . Thermal 2413 | . . 294 . . . 133 . 445 952 . 378 . . 211 . Explosive 369 | . . . . . . 369 . . . . . . . . . Electromagnetic 1610 | . 24 195 . . . . 71 164 589 . 567 . . . . Impact 413 | . . . . . . . . . . . . 413 . . . Slashing 1499 | . . . . . . . . 1499 . . . . . . . Piercing 360 | . . . . . . . . . . . . . . . 360 Highest Corruption 37 | . . . . . . 4 . 1 21 29 37 . . . 3 Average Corruption 20 | . . . . . . 2 . 1 18 27 31 . . . 1 Corruption Purged . | . . . . . . . . . . . . . . . . Effects 98 | . . . . . . 3 . . 22 6 67 . . . . Message Errors 12 | . . . . . . 1 . . . . 11 . . . . Matter Fused 20 | . . . . . . 1 . . 8 2 9 . . . . Heat Flow Errors 6 | . . . . . . . . . 2 1 3 . . . . Energy Discharges 5 | . . . . . . . . . 2 . 3 . . . . Parts Rejected 2 | . . . . . . . . . . . 2 . . . . Data Loss (minor) 4 | . . . . . . . . . 2 . 2 . . . . Data Loss (major) 1 | . . . . . . . . . . . 1 . . . . Alerts 2 | . . . . . . . . . . 1 1 . . . . Misdirections 20 | . . . . . . . . . 4 2 14 . . . . Targeting Errors 22 | . . . . . . 1 . . 4 . 17 . . . . Weapon Failures 4 | . . . . . . . . . . . 4 . . . . Overload Shots . | . . . . . . . . . . . . . . . . Overflow Damage 133 | . . 40 . . . . 11 8 20 . 4 50 . . . Projectiles 31 | . . . . . . . 11 . 20 . . . . . . Explosions 44 | . . 40 . . . . . . . . 4 . . . . Melee 58 | . . . . . . . . 8 . . . 50 . . . Knockbacks 10 | . . . . . . . . . 7 . 1 2 . . . Impact 4 | . . . . . . . . . 1 . 1 2 . . . Kinetic 5 | . . . . . . . . . 5 . . . . . . Secondary 1 | . . . . . . . . . 1 . . . . . . Self-Inflicted Damage 331 | . . 168 . . . 132 . . . . 29 . . . 2 Shots 8 | . . 5 . . . 2 . . . . 1 . . . . Rammed 38 | . . 1 . . . 2 . . 10 . 9 . . 15 1 Targets Rammed 43 | . . 1 . . . 2 . . 12 . 10 1 . 16 1 Kicked 1 | . . . . . . . . . . . 1 . . . . Crushed 4 | . . . . . . . . . 2 . . 1 . 1 . Highest Temperature 451 | . 54 192 . . . 451 69 335 301 200 354 311 . 60 . Average Temperature 109 | . 29 66 . . . 117 35 117 87 111 131 153 . 33 . Received Heat Transfer 3351 | . 30 84 . . 72 408 . 1083 333 . 657 384 . 195 105 Effects 8 | . . . . . . 5 . 1 . . 2 . . . . Shutdowns 2 | . . . . . . 1 . 1 . . . . . . . Energy Bleed 4 | . . . . . . 3 . . . . 1 . . . . Damage (minor) 2 | . . . . . . 1 . . . . 1 . . . . Siege Activations . | . . . . . . . . . . . . . . . . Robots Corrupted 5 | . . 1 . . . . . . 2 . 2 . . . . Combat Hostiles 5 | . . 1 . . . . . . 2 . 2 . . . . Parts Fried 11 | . . 1 . . . . . 1 4 . 4 1 . . . Impact Corruptions 3 | . . . . . . . . . . . . 3 . . . Robots Melted 3 | . . . . . . . . 1 . . . . . 2 . Combat Hostiles 3 | . . . . . . . . 1 . . . . . 2 . Parts Melted 13 | . . . . . . 2 . 3 3 . . 1 . 4 . Heat Transferred 4415 | . . 300 . . . 259 . 950 1631 . 424 . . 851 . Parts Sabotaged . | . . . . . . . . . . . . . . . . Parts Stolen . | . . . . . . . . . . . . . . . . Parts Stripped . | . . . . . . . . . . . . . . . . Power Chain Reactions 4 | . . 2 . . . . . . . . 2 . . . . Missiles Intercepted . | . . . . . . . . . . . . . . . . Alert | -11 -10 -10 -10 -9 -8 -7 -6 -6 -5 -5 -5 -4 -4 -4 -3 ------- Run | Scr Mat Min Exi Min Mat Fac Fac Ext Fac Was Fac Fac Was Fac Res Peak Influence 868 | . 15 197 . . 444 868 396 315 380 144 389 287 84 104 113 Average Influence 186 | . 4 113 . . 245 507 338 94 107 127 222 174 48 54 51 Maximum Alert Level 3 | . . . . . 2 3 1 1 1 . 1 1 . . . Low Security (%) 66 | 100 100 100 . 100 40 18 5 82 88 100 47 65 100 100 100 Level 1 22 | . . . . . 22 21 94 17 11 . 52 34 . . . Level 2 5 | . . . . . 36 27 . . . . . . . . . Level 3 4 | . . . . . . 32 . . . . . . . . . Level 4 . | . . . . . . . . . . . . . . . . Level 5 . | . . . . . . . . . . . . . . . . High Security . | . . . . . . . . . . . . . . . . Max Security . | . . . . . . . . . . . . . . . . Squads Dispatched 25 | . 1 . . . . 6 . 2 7 . 7 1 . . 1 Investigation 3 | . . . . . . . . 2 . . 1 . . . . Extermination 4 | . . . . . . 1 . . 1 . 2 . . . . Reinforcement 12 | . 1 . . . . 2 . . 5 . 3 . . . 1 Assault 1 | . . . . . . . . . 1 . . . . . . Garrison 5 | . . . . . . 3 . . . . 1 1 . . . Intercept . | . . . . . . . . . . . . . . . . Construction Impeded 3 | . . . . . . . . . 1 . 1 . . . 1 Haulers Reinforced 2 | . . . . . . 1 . . 1 . . . . . . Stealth | -11 -10 -10 -10 -9 -8 -7 -6 -6 -5 -5 -5 -4 -4 -4 -3 --------- Run | Scr Mat Min Exi Min Mat Fac Fac Ext Fac Was Fac Fac Was Fac Res Distress Signals 10 | . 1 . . . 1 2 . . 2 . 4 . . . . Communications Jammed 9 | . . . . . . . . . 9 . . . . . . Distress Signals 6 | . . . . . . . . . 6 . . . . . . Times Spotted 202 | . 6 8 . . 15 26 2 20 30 5 35 14 5 16 20 Peak Tracking Total 11 | . 8 3 . . 3 7 1 5 8 5 9 4 5 7 11 Tactical Retreats 16 | . . 1 . . . 2 . . . . 9 . . 2 2 Traps | -11 -10 -10 -10 -9 -8 -7 -6 -6 -5 -5 -5 -4 -4 -4 -3 ------- Run | Scr Mat Min Exi Min Mat Fac Fac Ext Fac Was Fac Fac Was Fac Res Traps Triggered 10 | . . . . . . 2 . 1 1 . 2 2 . 1 1 Indirectly . | . . . . . . . . . . . . . . . . Trap Hack Attempts . | . . . . . . . . . . . . . . . . Triggered . | . . . . . . . . . . . . . . . . Disarmed . | . . . . . . . . . . . . . . . . Reprogrammed . | . . . . . . . . . . . . . . . . Reused . | . . . . . . . . . . . . . . . . Traps Extracted . | . . . . . . . . . . . . . . . . Installed . | . . . . . . . . . . . . . . . . Triggered . | . . . . . . . . . . . . . . . . Machines | -11 -10 -10 -10 -9 -8 -7 -6 -6 -5 -5 -5 -4 -4 -4 -3 ---------- Run | Scr Mat Min Exi Min Mat Fac Fac Ext Fac Was Fac Fac Was Fac Res Machines Disabled 29 | . . 3 . . 1 17 . . 4 . 1 3 . . . Max in Single Turn 6 | . . 3 . . 1 6 . . 1 . . 1 . . . Garrison Access 3 | . . . . . . . . . 1 . . 1 . 1 . Machines Sabotaged . | . . . . . . . . . . . . . . . . Garrisons Compromised . | . . . . . . . . . . . . . . . . Overloaded Fab Kills . | . . . . . . . . . . . . . . . . Fab Network Shutdowns . | . . . . . . . . . . . . . . . . Hacking | -11 -10 -10 -10 -9 -8 -7 -6 -6 -5 -5 -5 -4 -4 -4 -3 --------- Run | Scr Mat Min Exi Min Mat Fac Fac Ext Fac Was Fac Fac Was Fac Res Machines Accessed 27 | . 1 . . . 1 3 2 7 3 . 4 2 . 3 1 Terminals 20 | . 1 . . . 1 2 2 7 2 . 3 1 . 1 . Fabricators 1 | . . . . . . . . . . . 1 . . . . Repair Stations 1 | . . . . . . . . . . . . . . 1 . Recycling Units . | . . . . . . . . . . . . . . . . Scanalyzers 1 | . . . . . . 1 . . . . . . . . . Garrison Access 4 | . . . . . . . . . 1 . . 1 . 1 1 Total Hacks 54 | . 1 . . . 4 6 3 14 7 . 7 4 . 7 1 Successful 17 | . . . . . 3 1 . 5 1 . 1 1 . 5 . Failed 37 | . 1 . . . 1 5 3 9 6 . 6 3 . 2 1 Catastrophic 10 | . 1 . . . . 1 1 2 2 . 2 . . . 1 Database Lockouts . | . . . . . . . . . . . . . . . . Manual 13 | . 1 . 1 . 1 1 1 2 5 . 1 . . . . Terminals 39 | . 1 . . . 4 3 3 14 5 . 5 2 . 2 . Fabricators 2 | . . . . . . . . . . . 2 . . . . Repair Stations 4 | . . . . . . . . . . . . . . 4 . Recycling Units . | . . . . . . . . . . . . . . . . Scanalyzers 3 | . . . . . . 3 . . . . . . . . . Garrison Access 6 | . . . . . . . . . 2 . . 2 . 1 1 Terminal Hacks 12 | . . . . . 3 1 . 5 1 . 1 . . 1 . Record 1 | . . . . . 1 . . . . . . . . . . Prototype ID Bank 2 | . . . . . 1 . . . . . 1 . . . . Open Door 4 | . . . . . . . . 4 . . . . . . . Branch Access Points 1 | . . . . . 1 . . . . . . . . . . Emergency Access Points 1 | . . . . . . . . . . . . . . 1 . Terminal Index 1 | . . . . . . 1 . . . . . . . . . Unreport Threat 1 | . . . . . . . . 1 . . . . . . . Zone Layout 1 | . . . . . . . . . 1 . . . . . . Fabricator Hacks . | . . . . . . . . . . . . . . . . Repair Station Hacks 3 | . . . . . . . . . . . . . . 3 . Scan Component 1 | . . . . . . . . . . . . . . 1 . Repair 1 | . . . . . . . . . . . . . . 1 . Refit 1 | . . . . . . . . . . . . . . 1 . Recycling Unit Hacks . | . . . . . . . . . . . . . . . . Scanalyzer . | . . . . . . . . . . . . . . . . Garrison Access Hacks 2 | . . . . . . . . . . . . 1 . 1 . Seal Access 2 | . . . . . . . . . . . . 1 . 1 . Unauthorized Hacks 2 | . . . . . . . . . 2 . . . . . . Terminals . | . . . . . . . . . . . . . . . . Fabricators . | . . . . . . . . . . . . . . . . Repair Stations . | . . . . . . . . . . . . . . . . Recycling Units . | . . . . . . . . . . . . . . . . Scanalyzers . | . . . . . . . . . . . . . . . . Garrison Access . | . . . . . . . . . . . . . . . . Data Cores Recovered 1 | . . . . . . . . . 1 . . . . . . Used . | . . . . . . . . . . . . . . . . Hacking Detections 23 | . 1 . . . 1 3 2 5 3 . 4 2 . 1 1 Full Trace Events 3 | . . . . . . . . 2 . . 1 . . . . Feedback Events . | . . . . . . . . . . . . . . . . Feedback Blocked . | . . . . . . . . . . . . . . . . Robot Schematics Acquired . | . . . . . . . . . . . . . . . . Robots Built . | . . . . . . . . . . . . . . . . Matter . | . . . . . . . . . . . . . . . . Time . | . . . . . . . . . . . . . . . . Total Robot Build Rating . | . . . . . . . . . . . . . . . . Part Schematics Acquired . | . . . . . . . . . . . . . . . . Parts Built . | . . . . . . . . . . . . . . . . Matter . | . . . . . . . . . . . . . . . . Time . | . . . . . . . . . . . . . . . . Total Part Build Rating . | . . . . . . . . . . . . . . . . Parts Repaired 1 | . . . . . . . . . . . . . . 1 . Time 38 | . . . . . . . . . . . . . . 38 . Parts Recycled . | . . . . . . . . . . . . . . . . Recycled Matter . | . . . . . . . . . . . . . . . . Retrieved Matter . | . . . . . . . . . . . . . . . . Retrieved Components . | . . . . . . . . . . . . . . . . Parts Scanalyzed . | . . . . . . . . . . . . . . . . Part Schematics Acquired . | . . . . . . . . . . . . . . . . Parts Damaged . | . . . . . . . . . . . . . . . . Bothacking | -11 -10 -10 -10 -9 -8 -7 -6 -6 -5 -5 -5 -4 -4 -4 -3 ------------ Run | Scr Mat Min Exi Min Mat Fac Fac Ext Fac Was Fac Fac Was Fac Res Used RIF Installer . | . . . . . . . . . . . . . . . . Robots Hacked . | . . . . . . . . . . . . . . . . Non-combat . | . . . . . . . . . . . . . . . . Combat . | . . . . . . . . . . . . . . . . Robot Hacks Applied . | . . . . . . . . . . . . . . . . Relay Couplers Released 3 | . . . . . . . . . 3 . . . . . . Machine Destruction 3 | . . . . . . . . . 3 . . . . . . Robots Rewired 1 | . . . . . . . . . . . . 1 . . . Allies Hacked 1 | . . . . . . . . . . . 1 . . . . Hacks Repelled . | . . . . . . . . . . . . . . . . Allies | -11 -10 -10 -10 -9 -8 -7 -6 -6 -5 -5 -5 -4 -4 -4 -3 -------- Run | Scr Mat Min Exi Min Mat Fac Fac Ext Fac Was Fac Fac Was Fac Res Total Allies 13 | . . 2 . 3 . . . 4 . . 3 1 . . . Largest Group 3 | . . 2 1 3 3 1 . 2 . . 3 1 . . . Highest-Rated Group 93 | . . 42 11 40 40 16 . 56 . . 93 56 . . . Highest-Rated Ally 56 | . . 31 11 16 16 16 . 31 . . 31 56 . . . Total Orders 1 | . . . . . 1 . . . . . . . . . . EXPLORE 1 | . . . . . 1 . . . . . . . . . . Ally Attacks 111 | . . 7 . . 21 4 . 22 . . 52 5 . . . Total Damage 2037 | . . 147 . . 207 35 . 453 . . 970 225 . . . Kills 17 | . . 3 . . 2 . . 3 . . 9 . . . . Allies Corrupted . | . . . . . . . . . . . . . . . . Allies Melted . | . . . . . . . . . . . . . . . . Intel | -11 -10 -10 -10 -9 -8 -7 -6 -6 -5 -5 -5 -4 -4 -4 -3 ------- Run | Scr Mat Min Exi Min Mat Fac Fac Ext Fac Was Fac Fac Was Fac Res Robot Analysis Total . | . . . . . . . . . . . . . . . . Derelict Logs Recovered . | . . . . . . . . . . . . . . . . Drone Launches 1 | . . . 1 . . . . . . . . . . . . Drone Recoveries . | . . . . . . . . . . . . . . . . Exploration | -11 -10 -10 -10 -9 -8 -7 -6 -6 -5 -5 -5 -4 -4 -4 -3 ------------- Run | Scr Mat Min Exi Min Mat Fac Fac Ext Fac Was Fac Fac Was Fac Res Turns Passed 7589 | 86 111 265 285 50 461 952 482 902 1114 72 637 805 88 762 517 Spaces Moved 4452 | 65 77 172 230 42 270 437 274 368 477 72 679 362 90 416 421 Core 504 | 6 . . . . . . . . . 35 278 67 65 6 47 Treads 1011 | . . . . . . . . 78 325 . 16 295 25 272 . Legs 2460 | 59 77 172 230 42 270 437 274 290 126 37 148 . . . 298 Wheels 87 | . . . . . . . . . 26 . . . . . 61 Hover 30 | . . . . . . . . . . . . . . 30 . Flight 360 | . . . . . . . . . . . 237 . . 108 15 Fastest Speed 40 | 50 120 120 120 120 120 150 150 150 110 50 40 50 50 40 40 Average Speed 128 | 113 120 120 120 120 155 173 161 177 163 87 64 137 78 116 98 Slowest Speed 240 | 120 120 120 120 120 210 210 180 210 240 150 170 200 152 160 150 Overloaded Moves . | . . . . . . . . . . . . . . . . Propulsion Burnouts . | . . . . . . . . . . . . . . . . Robots Hopped 1 | . . . . . . . . . . . . . . 1 . Cave-ins Triggered . | . . . . . . . . . . . . . . . . Exploration Rate (%) 31 | 5 22 46 65 16 65 14 7 42 14 60 26 8 78 14 17 Regions Visited 15 Branch Regions 4 Pre-discovered Areas . | . . . . . . . . . . . . . . . . Known Exits Taken 3 | . . . . . . 1 1 . . . . . . 1 . Unknown Exits Taken 8 | 1 1 1 1 1 1 . . 1 . . 1 . . . . Scrap Searched 1 | . . 1 . . . . . . . . . . . . . Spaces Dug 1 | . . . . . . . . . 1 . . . . . . Terrain Destroyed 129 | . . 18 . . 28 57 . 3 9 . 6 7 . 1 . Melee . | . . . . . . . . . . . . . . . . Projectile 52 | . . . . . 28 4 . 3 9 . . 7 . 1 . AOE 77 | . . 18 . . . 53 . . . . 6 . . . . Actions | -11 -10 -10 -10 -9 -8 -7 -6 -6 -5 -5 -5 -4 -4 -4 -3 --------- Run | Scr Mat Min Exi Min Mat Fac Fac Ext Fac Was Fac Fac Was Fac Res Total 5710 | 77 90 202 239 41 312 538 310 515 690 81 809 543 112 659 492 Wait 392 | . 1 1 . . 20 20 25 12 62 4 15 45 11 153 23 Move 4437 | 64 76 171 229 41 269 436 273 367 477 71 678 362 89 413 421 Hop 1 | . . . . . . . . . . . . . . 1 . Pick Up 143 | 8 5 4 3 . 10 8 3 27 24 1 20 8 1 11 10 Fast Attach 62 | . 1 . . . 2 7 . 3 6 . 14 22 . 6 1 Attach 114 | 5 2 5 2 . 3 3 4 23 21 2 16 3 . 13 12 Detach 9 | . . . . . . . . . 1 . 1 1 1 5 . Swap 34 | . . 1 2 . 2 3 1 5 10 1 3 4 . 1 1 Drop 99 | . 2 3 3 . 5 10 2 11 13 2 13 17 10 5 3 Fire 252 | . 3 16 . . 1 39 2 22 64 . 39 49 . 17 . Melee 75 | . . . . . . . . 40 . . . 15 . . 20 Ram 3 | . . . . . . . . . 1 . 1 . . . 1 Kick 9 | . . 1 . . . 2 . . . . 6 . . . . Crush 31 | . . . . . . . . . 11 . 3 1 . 16 . Escape Stasis 33 | . . . . . . 10 . 5 . . . . . 18 . Rewire 16 | . . . . . . . . . . . . 16 . . . Trap . | . . . . . . . . . . . . . . . . Miscellaneous . | . . . . . . . . . . . . . . . . Route ------- -11/Scrapyard -10/Materials -10/Mines (discovered 2 exits: [*Mat] / *Exi) -10/Exiles -9/Mines -8/Materials (discovered 2 exits: *Fac x2) -7/Factory -6/Factory -6/Extension -5/Factory -5/Waste -5/Factory -4/Factory -4/Waste -4/Factory -3/Research History --------- Turn | Location | Event 4 | -11/Scrapyard | Discovered new exit (range 15) 87 | -11/Scrapyard | Entered Materials 189 | -10/Materials | Discovered new exit (range 9) 198 | -10/Materials | Entered Mines 307 | -10/Mines | Build established: Mutant 351 | -10/Mines | Discovered new exit (range 9) 424 | -10/Mines | Lost 4 parts (1p3w) 457 | -10/Mines | Deemed a non-threat by the Exiles lab entrance 457 | -10/Mines | Discovered new exit (range 5) 463 | -10/Mines | Entered Exiles 463 | -10/Exiles | Accompanied by 1 ally 492 | -10/Exiles | Met 8R-AWN 514 | -10/Exiles | Met EX-HEX 546 | -10/Exiles | Met EX-BIN 562 | -10/Exiles | Aligned with FarCom system 563 | -10/Exiles | Given EX-Vault access code 592 | -10/Exiles | Opened EX-Vault 598 | -10/Exiles | Found Prototype Ballistic Gun 600 | -10/Exiles | Identified AWS/Gauss 604 | -10/Exiles | Found Prototype Processor 605 | -10/Exiles | Identified 0b10 Alert Chip 608 | -10/Exiles | Found Prototype Device 609 | -10/Exiles | Identified Supersonic Drone Bay 637 | -10/Exiles | Warned to stay clear of 0b10 Research branches 688 | -10/Exiles | Met EX-DEC 729 | -10/Exiles | Discovered new exit (range 14) 748 | -10/Exiles | Stole two prototypes: AWS/Gauss, 0b10 Alert Chip 748 | -10/Exiles | Entered Mines 748 | -9/Mines | Accompanied by 1 ally 774 | -9/Mines | Discovered new exit (range 15) 793 | -9/Mines | Assisted by bots powering up and referring to "LRC-V3" 798 | -9/Mines | Entered Materials 798 | -8/Materials | Accompanied by 4 allies 798 | -8/Materials | Evolved 4 slots: Utility x2, Weapon x2 878 | -8/Materials | Discovered new exit (range 56) 895 | -8/Materials | Discovered new exit (range 65) 1071 | -8/Materials | Destroyed 7 combat bots 1259 | -8/Materials | Entered Factory 1259 | -7/Factory | Accompanied by 1 ally 1259 | -7/Factory | Evolved 2 slots: Utility x2 1261 | -7/Factory | FarCom data flow suspended 1562 | -7/Factory | Build established: Tank 1898 | -7/Factory | Garrison activated, responded to threat 2136 | -7/Factory | Build established: Scavenger-Tank 2205 | -7/Factory | Discovered new exit (range 4) 2210 | -7/Factory | Identified exit to Factory 2211 | -7/Factory | Entered another Factory area 2211 | -6/Factory | Evolved 2 slots: Power x1, Utility x1 2421 | -6/Factory | Discovered new exit (range 16) 2692 | -6/Factory | Identified exit to Extension 2693 | -6/Factory | Entered Extension 2778 | -6/Extension | Rescued a captive Derelict 2800 | -6/Extension | Rescued a captive Derelict 3144 | -6/Extension | Rescued a captive Derelict 3145 | -6/Extension | Rescued a captive Derelict 3259 | -6/Extension | Build established: Mutant 3265 | -6/Extension | Spotted B-75 Beast 3283 | -6/Extension | Spotted B-75 Beast 3303 | -6/Extension | Destroyed B-75 Beast 3370 | -6/Extension | Core integrity fell below 50% 3383 | -6/Extension | Core integrity fell below 20% 3411 | -6/Extension | Destroyed B-75 Beast 3413 | -6/Extension | Lost 19 parts (2p5n8u4w) 3568 | -6/Extension | Disrupted transfer network 3589 | -6/Extension | Discovered new exit (range 3) 3595 | -6/Extension | Entered Factory 3595 | -5/Factory | Evolved 2 slots: Propulsion x1, Utility x1 4372 | -5/Factory | System corruption reached 10% 4435 | -5/Factory | Lost 11 parts (1n6u4w) 4671 | -5/Factory | Lost 3 parts (1u2w) 4709 | -5/Factory | Sucked down chute 4709 | -5/Factory | Entered Waste 4724 | -5/Waste | EMP discharged 4726 | -5/Waste | Spotted C-40 Crusher 4726 | -5/Waste | Spotted C-40 Crusher 4741 | -5/Waste | Crushed by Compactor (1 part destroyed, 1 dropped) 4753 | -5/Waste | Spotted C-40 Crusher 4753 | -5/Waste | Spotted C-40 Crusher 4759 | -5/Waste | Spotted C-40 Crusher 4761 | -5/Waste | Crushed by Compactor (1 part destroyed, 2 dropped) 4763 | -5/Waste | Crushed by Compactor (1 part destroyed, 1 dropped) 4766 | -5/Waste | Crushed by Compactor (1 part destroyed, 1 dropped) 4774 | -5/Waste | Discovered new exit (range 15) 4781 | -5/Waste | Entered Factory 4797 | -5/Factory | Lost 5 parts (2n2u1w) 4876 | -5/Factory | Allied Derelicts emerged from ambush trap array 4929 | -5/Factory | Garrison activated, responded to threat 5073 | -5/Factory | Core integrity fell below 50% 5075 | -5/Factory | System corruption reached 30% 5191 | -5/Factory | Lost 9 parts (1p1n3u4w) 5305 | -5/Factory | Core integrity fell below 20% 5341 | -5/Factory | Lost 3 parts (1n2u) 5413 | -5/Factory | Discovered new exit (range 9) 5418 | -5/Factory | Entered another Factory area 5418 | -4/Factory | Evolved 2 slots: Utility x2 5647 | -4/Factory | Garrison activated, responded to threat 6223 | -4/Factory | Sucked down chute 6223 | -4/Factory | Entered Waste 6239 | -4/Waste | Spotted C-40 Crusher 6245 | -4/Waste | Build established: Scavenger-Assassin 6274 | -4/Waste | Spotted C-40 Crusher 6291 | -4/Waste | Spotted C-40 Crusher 6298 | -4/Waste | Spotted C-40 Crusher 6302 | -4/Waste | Spotted C-40 Crusher 6303 | -4/Waste | Discovered new exit (range 14) 6311 | -4/Waste | Identified exit to Factory 6311 | -4/Waste | Entered Factory 6406 | -4/Factory | Repaired Adv. Sensor Array 6699 | -4/Factory | Build established: Skirmisher 6777 | -4/Factory | Lost 10 parts (1p2n5u2w) 6843 | -4/Factory | Spotted B-86 Titan 7011 | -4/Factory | Core integrity fell below 50% 7070 | -4/Factory | Discovered new exit (range 6) 7072 | -4/Factory | Identified exit to Research 7073 | -4/Factory | Entered Research 7073 | -3/Research | Evolved 2 slots: Utility x1, Weapon x1 7095 | -3/Research | Build established: Scavenger-Mutant 7462 | -3/Research | Spotted B-86 Titan 7534 | -3/Research | Core integrity fell below 50% 7577 | -3/Research | Core integrity fell below 20% 7583 | -3/Research | Spotted B-86 Titan 7590 | -3/Research | Assembled infested ambush trap array 7590 | -3/Research | Destroyed by as-62485 with Assembled P-sword Last Messages --------------- 07575_ Acquired Impulse Thruster. 07576_ Penetrated by Slug. 07576_ Slug penetrates Wall. 07582_ Critical hit. 07582_ Impulse Thruster destroyed. 07584_ Knocked back. 07584_ Penetrated by Slug. 07584_ Slug penetrates Wall. 07586_ U-05 Engineer builds a Wall. 07587_ Penetrated by Slug. 07590_ Triggered Ambush Trap. 07590_ Disabled B-74 Champion is pushed from a hatch in the floor. 07590_ Disabled S-43 Plague is pushed from a hatch in the floor. 07590_ Disabled L-61 Swordsman is pushed from a hatch in the floor. 07590_ Disabled S-43 Plague is pushed from a hatch in the floor. 07590_ as-12092 emerges from a hatch in the floor. 07590_ as-62485 emerges from a hatch in the floor. 07590_ as-89864 emerges from a hatch in the floor. 07590_ ALERT: Infestation has breached Complex 0b10, dispatching Demolisher response squad. Map ----- +----------------------------------------------------+ | ?????????????# """"" # %! ##??????? | | ?????????????# """"" #"##+########??# | | ?????????????# """"" # #?# | | ?????????????# """"" " #?# | | ?????????????# " ### | | ?????????????# # ^ | | ?????????????# =######## | | ?????????????# #????? # | | ?????????????# """ """ #?????## ^ | | ?????????????# """T""" #??????# | | ?????????????##############????### | | ???????????????????????????????# | | ???????????????????????????????# | | ????????????????????????????########"#### | | ????????????????????????????# # | | ????????????????????????????# # | | ????????????????????????????# = + | | ????????????????????????????# # | | ????????????????????????????# # | | ????????????????????????????# ""T"" ?# | | ????????????????????????????# """"" ?# | | ????????????????????????????##########??# | | ????????????#################;##########" | | ????????????# s | | ????????????# asa | | ????????????# a@s | | ????????????# lb | | ????????????# ### ####### | | ????????????# ??# #??# | | ????????????# ??# #### | | ????????????+ ??" """ " | | ????????????# ?# "" F"" # | | ????????????# ?# """""" + | | ????????????# ?### """" # | | ????????????# ???###############+#### | | ????????????# ????????????????? ?# " | | ????????????# ??????????????? # " | | ????????????# ??????????????# # " | | ????????????# ??????????????# # | | ????????????? ???????????????# # | | ?????????????????????????????#||! ### | | ?????????????????????????????#|| #?## | | ?????????????????????????????#|! #??? | | ?????????????????????????????# #??? | | ?????????????????????????????##########??? | | ?????????????????????????????????????????? | | ?????????????????????????????????????????? | | ?????????????????????????????????????????? | | ?????????????????????????????????????????? | | ?????????????????????????????????????????? | +----------------------------------------------------+ Best States ------------- Heat Dissipation 86 Coolant Potential 80 Energy Generation 41 Energy Capacity 725 Matter Stores 300 Matter Capacity 300 Sight Range 22 Robot Scan Range 16 Terrain Scan Density 10 Jamming Range 8 Armor Coverage 1200 Resistance: TH 30 Resistance: EX 50 Resistance: EM 25 Propulsion Shielding 33 Reclamation Efficiency 20 Weapon Cycling 20 Evasion (%) 62 Targeting Accuracy 6 Melee Accuracy 5 Target Analysis 6 Core Analysis 8 Recoil Reduction 3 Matter Filtering 50 Offensive Hacking 14 Defensive Hacking 24 Item Schematics ----------------- None Robot Schematics ------------------ None Fabricated ------------ Nothing Alien Tech Used ----------------- None Achievements -------------- A New Friend Challenges ------------ None Game ------ Seed ThrusterProcessingCycler Manual? 0 Play Time 01:22:59 Cumulative 50.5 hours Start 2020.04.27 @ 15:54:40 End 2020.04.27 @ 17:14:51 Sessions 1 Manual Loads 0 Difficulty Rogue Special Mode None Game No. 40 Rogue 37 Adventurer 0 Explorer 3 Win Type - Total 1 Types 1/0/0/0/0/0/0 Lore% 35 Gallery% 58 Achievement% 40 Wizard Run 0 Options --------- ASCII 0 Keyboard 0 Movement Numpad Keybinds 0 Fullscreen 1 Font 18/Smallcaps Map View 76x50 Tactical HUD 1 Map Filters NONE Filters NONE Steam X RUN: f0c851b9-39cd-495f-87a7-9080657ccd43